 Dungeon Crawl Stone Soup version 0.28.0 (webtiles) character file.

Game seed: 8472098942764446259

1401 sanka the Destroyer (level 8, -9/41 HPs)
             Began as a Tengu Earth Elementalist on Feb 9, 2022.
             Mangled by a yak (14 damage)
             ... on level 8 of the Dungeon.
             The game lasted 00:09:44 (7066 turns).

sanka the Destroyer (Tengu Earth Elementalist)      Turns: 7066, Time: 00:09:45

Health: -9/41      AC:  3    Str:  8    XL:     8   Next: 69%
Magic:  5/15       EV: 14    Int: 18    God:
Gold:   178        SH:  0    Dex: 15    Spells: 10/16 levels left

rFire   + + .      SeeInvis .   a - +2 flail "Pyrphasuxom" {speed, rF++ rC+}
rCold   + . .      Faith    .   (no shield)
rNeg    . . .      Spirit   .   A - +0 robe
rPois   .          Reflect  .   u - +0 hat
rElec   .          Harm     .   p - +0 cloak
rCorr   .          Rampage  .   (no gloves)
Will    .....                   (boots unavailable)
Stlth   ++........              (no amulet)
HPRegen 0.13/turn               (no ring)
MPRegen 0.14/turn               (no ring)

@: flying quickly and evasively, quick
A: beak, talons 3, nimble flight
a: no special abilities


You were on level 8 of the Dungeon.
You visited 1 branch of the dungeon, and saw 6 of its levels.

You collected 178 gold pieces.

Inventory:

Hand Weapons
 a - the +2 flail "Pyrphasuxom" (weapon) {speed, rF++ rC+}
   (You took it off a gnoll shaman on level 4 of the Dungeon)

   Attacks with this weapon are significantly faster.
   rF:        It greatly protects you from fire.
   rC:        It protects you from cold.
 r - a +2 hand axe of flaming
 v - a +0 halberd
Missiles
 c - 39 stones
 B - a curare-tipped dart
Armour
 g - a scarf of shadows
 p - a +0 cloak (worn)
 u - a +0 hat (worn)
 A - a +0 robe (worn)
Magical Staves
 b - a staff of conjuration {!a}
Jewellery
 y - an amulet of reflection
Wands
 m - a wand of flame (9)
Scrolls
 d - a scroll of teleportation {unknown}
 i - a scroll of amnesia {unknown}
 k - 2 scrolls of identify {unknown}
 s - a scroll of magic mapping {unknown}
 x - 3 scrolls of fog {unknown}
Potions
 e - a potion of haste {unknown}
 h - a potion of attraction {unknown}
 j - 3 potions of heal wounds {unknown}
 l - a potion of degeneration {unknown}
 n - a potion of mutation {unknown}
 q - a potion of cancellation {unknown}
 t - a potion of might
 z - a potion of lignification {unknown}


   Skills:
 - Level 2.1 Dodging
 - Level 2.0 Stealth
 + Level 4.5 Spellcasting
 + Level 10.7 Conjurations
 - Level 0.7 Transmutations
 + Level 3.8 Earth Magic


You had 10 spell levels left.
You knew the following spells:

 Your Spells              Type           Power      Damage    Failure   Level
a - Sandblast             Erth           34%        2d9       3%          1
b - Passwall              Tmut/Erth      10%        N/A       9%          2
c - Stone Arrow           Conj/Erth      60%        3d10      1%          3

Your spell library contained the following spells:

 Spells                   Type           Power      Damage    Failure   Level
 Call Canine Familiar     Summ           4%         N/A       38%         3
 Portal Projectile        Hex/Tloc       8%         N/A       38%         3
 Petrify                  Tmut/Erth      12%        N/A       47%         4
 Leda's Liquefaction      Hex/Erth       5%         N/A       54%         4


Dungeon Overview and Level Annotations

Branches:
Dungeon (5/15)
 Temple: D:4-7

Altars:
Uskayaw

Annotations:
D:3 Natasha


Innate Abilities, Weirdness & Mutations

You have a beak for a mouth.
You have claws for feet.
Your magical nature lets you fly swiftly and evasively.


Message History

You feel a surge of power!
The stone arrow hits the yak!
The yak is moderately wounded.
You feel a surge of power!
The stone arrow hits the yak!!
The yak is severely wounded.
Your hands tingle!
a - the +2 flail "Pyrphasuxom" (weapon)
{speed, rF++ rC+} You barely miss the yak.
Your kick misses the yak.
The yak is severely wounded.
The yak barely misses you.
You hit the yak. Your kick misses the yak. You punch the yak.
The yak is almost dead.
The yak gores you!
You closely miss the yak. Your kick misses the yak. You peck the yak.
The yak is almost dead.
The yak gores you!
Unknown command.
There is a stone staircase leading down here.
b - a staff of conjuration (weapon)
{!a} You are too injured to fight recklessly!
Casting: Stone Arrow (safe; 1% risk of failure)
Confirm with . or Enter, or press ? or * to list all spells.
Aiming: Sandblast (safe; 3% risk of failure)
Press: ? - help, Shift-Dir - straight line, f - yak, p - yak
Aim: a yak (87% to hit)
The blast of sand hits the yak.
The yak is lightly wounded.
c - 39 stones The yak bellows!
The yak bellows!
Your hands tingle!
a - the +2 flail "Pyrphasuxom" (weapon)
{speed, rF++ rC+} You hit the yak.
Your kick misses the yak. You peck the yak.
The yak is almost dead.
The yak gores you!
* * * LOW HITPOINT WARNING * * *
Unknown command.
You hit the yak. Your peck misses the yak.
The yak is almost dead.
The yak gores you!
You die...

#.##...#.#####
#.###.##.#
#........##
##........#
#.##.###Y#
#.##.# #Y#
#.##.# #.#
#.##.###.#
#.@YYY...#
####.#####
...# #####


You could see 3 yaks.

Vanquished Creatures
  Sigmund (D:3)
  A yak (D:8)
  Menkaure (D:4)
  A black bear (D:5)
  An ogre (D:4)
  A kobold brigand (D:4)
  4 scorpions
  A bullfrog zombie (D:5)
  A jelly (D:4)
  Crazy Yiuf (D:3)
  A bullfrog skeleton (D:5)
  A gnoll shaman (D:4)
  2 orc priests
  A centaur skeleton (D:5)
  A scorpion zombie (D:5)
  A killer bee zombie (D:3)
  A howler monkey zombie (D:5)
  4 gnolls
  9 adders
  An ufetubus (D:5)
  An adder skeleton (D:4)
  A worm (D:2)
  13 orcs
  8 ball pythons
  3 bats
  5 endoplasms
  3 giant cockroaches
  9 goblins
  5 hobgoblins
  7 kobolds
  3 quokkas
  4 frilled lizards
  4 rats
101 creatures vanquished.

Vanquished Creatures (others)
  12 plants (D:5)
  A withered plant (D:5)
13 creatures vanquished.

Grand Total: 114 creatures vanquished

Notes
Turn   | Place    | Note
-------+----------+-------------------------------------------
     0 | D:1      | sanka the Tengu Earth Elementalist began the quest for the
                  | Orb.
     0 | D:1      | Reached XP level 1. HP: 10/10 MP: 4/4
   104 | D:1      | Reached skill level 1 in Conjurations
   113 | D:1      | Reached skill level 2 in Conjurations
   116 | D:1      | Reached XP level 2. HP: 8/15 MP: 6/6
   255 | D:1      | Learned a level 2 spell: Passwall
   891 | D:1      | Reached skill level 3 in Conjurations
  1323 | D:2      | Found a faded altar of an unknown god.
  1332 | D:2      | Reached XP level 3. HP: 17/19 MP: 7/7
  1336 | D:2      | Learned a level 3 spell: Stone Arrow
  1729 | D:2      | Reached skill level 4 in Conjurations
  2052 | D:3      | Reached XP level 4. HP: 24/24 MP: 3/8
  2113 | D:3      | Noticed Natasha
  2691 | D:2      | Found a faded altar of an unknown god.
  3111 | D:3      | Identified the +5 whip "Vennacs" {venom, rF+}
  3121 | D:3      | Found a hide-covered altar of Uskayaw.
  3151 | D:3      | Noticed Sigmund
  3157 | D:3      | Killed Sigmund
  3158 | D:3      | Reached skill level 6 in Conjurations
  3158 | D:3      | Gained mutation: Your magical nature lets you fly swiftly
                  | and evasively. [Tengu growth]
  3158 | D:3      | Reached XP level 5. HP: 18/28 MP: 2/9
  3158 | D:3      | Reached XP level 6. HP: 21/32 MP: 2/10
  3773 | D:3      | Reached skill level 7 in Conjurations
  3807 | D:3      | Found a runed translucent door.
  3808 | D:3      | Noticed Crazy Yiuf
  3813 | D:3      | Killed Crazy Yiuf
  4563 | D:4      | Identified the +2 flail "Pyrphasuxom" {speed, rF++ rC+}
  4887 | D:4      | Reached skill level 8 in Conjurations
  5091 | D:4      | Identified the +2 dagger "Puebohul" {freeze, rC+}
  5226 | D:4      | Reached XP level 7. HP: 36/36 MP: 8/11
  5435 | D:4      | Reached skill level 9 in Conjurations
  5810 | D:4      | Noticed Menkaure
  5812 | D:4      | Killed Menkaure
  5946 | D:4      | Reached skill level 10 in Conjurations
  5946 | D:4      | Reached XP level 8. HP: 28/41 MP: 0/14
  6218 | D:5      | Entered Level 5 of the Dungeon
  6999 | D:5      | You are sucked into a shaft and drop 3 floors!
  7007 | D:8      | Noticed a yak
  7011 | D:8      | Noticed a yak
  7015 | D:8      | Noticed a yak
  7016 | D:8      | Noticed a yak
  7017 | D:8      | Killed a yak
  7066 | D:8      | Mangled by a yak

Illustrated notes

Levels and vault maps discovered:
D:1:      tarquinn_simple_flora_water_a, layout_basic
D:2:      layout_loops_cross, shapermc_ecumenical_altar_notcrosses, hex_medium,
          minmay_strange_pillars
D:3:      layout_loops_cross, mainiacjoe_overflow_six_doors_small, uniq_sigmund,
          uniq_crazy_yiuf_cottage, uniq_natasha
D:4:      layout_basic, minmay_between, uniq_menkaure
D:5:      wander_river, layout_basic, grunt_nemelex_the_gamble, serial_undead,
          serial_undead_f, serial_undead_e, serial_undead_d, serial_undead_d,
          chequers_big_river
D:8:      layout_loops_corners, hangedman_misty_isle

Skill      XL: |  1  2  3  4  5  6  7  8 |
---------------+-------------------------+-----
Conjurations   | 2 3 4 6 8 10 | 10.7
Earth Magic    | 3 |  3.8
Spellcasting   | 3 4 |  4.5
Dodging        | |  2.1
Stealth        | |  2.0
Transmutations | |  0.7

Action                   |  1- 3 |  4- 6 |  7- 9 || total
-------------------------+-------+-------+-------++-------
Melee: Unarmed           |    36 |       |       ||    36
       Peck              |    10 |    13 |     7 ||    30
       Punch             |     1 |     1 |     1 ||     3
       Dagger            |    22 |     7 |       ||    29
       Kick              |    11 |    20 |     4 ||    35
       Whip              |       |    73 |    17 ||    90
       Flail             |       |       |    11 ||    11
 Cast: Sandblast         |    15 |    37 |    12 ||    64
       Stone Arrow       |       |     4 |    40 ||    44
 Stab: Sleeping          |     3 |     2 |     1 ||     6
Armor: Robe              |     9 |     6 |     5 ||    20
Dodge: Dodged            |    35 |    79 |    20 ||   134
